 Dungeon Sprint DCSS version 0.28-a0-845-gfc338a8e3c (webtiles) character file.

Game seed: 14967800022805682677

1253 kklluuttzz the Severer (level 8, -6/58 HPs)
             Began as a Formicid Fighter on Nov 12, 2021.
             Was a Follower of Sif Muna.
             Mangled by a demonic crawler (10 damage)
             ... in the Dungeon (Sprint I: "Red Sonja").
             The game lasted 00:01:45 (630 turns).

kklluuttzz the Severer (Formicid Fighter)            Turns: 630, Time: 00:01:46

Health: -6/58      AC:  6    Str: 21    XL:     8   Next: 80%
Magic:  11/17      EV:  9    Int: 10    God:    Sif Muna [*.....]
Gold:   366        SH:  4    Dex: 10    Spells: 19/19 levels left

rFire   . . .      SeeInvis +   a - +0 war axe
rCold   . . .      Faith    .   c - +0 buckler
rNeg    . . .      Spirit   .   b - +0 scale mail
rPois   .          Reflect  .   (helmet unavailable)
rElec   .          Harm     .   (no cloak)
rCorr   .          Rampage  .   (no gloves)
Will    .....                   (no boots)
Stlth   ..........              (no amulet)
HPRegen 0.19/turn               (no ring)
MPRegen 0.15/turn               (no ring)

@: mighty, spiked
A: permanent stasis, dig shafts and tunnels, antennae 3, four strong arms
a: Dig, Renounce Religion, Channel Magic


You were in the Dungeon.
You worshipped Sif Muna.
Sif Muna was aware of your devotion.
You visited 1 branch You collected 466 gold pieces.
You spent 100 gold pieces at shops.

Inventory:

Hand Weapons
 a - a +0 war axe (weapon)
Armour
 b - a +0 scale mail (worn)
 c - a +0 buckler (worn)
Potions
 e - a potion of curing
 g - 2 potions of magic


   Skills:
 - Level 3.2 Fighting
 - Level 16.0 Axes
 - Level 3.2 Armour
 - Level 3.6 Shields
 + Level 6.0 Spellcasting
 + Level 7.2 Invocations


You had 19 spell levels left.
You didn't know any spells.
Your spell library was empty.

Dungeon Overview and Level Annotations

Branches:
Dungeon (1/1)

Altars:
Cheibriados
Dithmenos
Elyvilon
Fedhas
Gozag
Hepliaklqana
Kikubaaqudgha
Makhleb
Nemelex Xobeh
Okawaru
Qazlal
Ru
Sif Muna
Trog
Uskayaw
Vehumet
Wu Jian
Xom
Yredelemnul
Zin
The Shining One
Jiyva
Lugonu

Shops:
D !


Innate Abilities, Weirdness & Mutations

You cannot be hasted, slowed, berserked, paralysed or teleported.
You can dig through walls and to a lower floor.
You have a pair of large antennae on your head. (SInv)
Your four strong arms can wield two-handed weapons with a shield.


Message History

The red devil disappears in a puff of smoke!
Your Spellcasting skill gained 2 levels and is now at level 6!
Your Invocations skill gained 2 levels and is now at level 7!
Unknown command.
Unknown command.
You completely miss the demonic crawler.
The demonic crawler closely misses you. The demonic crawler hits you.
* * * LOW HITPOINT WARNING * * *
The demonic crawler barely misses you.
You feel much better.
The demonic crawler hits you but does no damage. x2
The demonic crawler closely misses you.
You barely miss the demonic crawler.
You barely miss the demonic crawler. x2; The demonic crawler hits you!
The demonic crawler hits you but does no damage.
The demonic crawler hits you! The demonic crawler hits you.
The demonic crawler hits you!
* * * LOW HITPOINT WARNING * * *
The demonic crawler hits you!
* * * LOW HITPOINT WARNING * * *
Unknown command.
You feel much better. The demonic crawler misses you. x2
You block the demonic crawler's attack. The demonic crawler hits you.
The demonic crawler hits you! The demonic crawler hits you.
* * * LOW HITPOINT WARNING * * *
You slash the demonic crawler!
The demonic crawler is lightly wounded.
You hit the demonic crawler. You block the demonic crawler's attack.
The demonic crawler hits you but does no damage.
The demonic crawler hits you.
* * * LOW HITPOINT WARNING * * *
The demonic crawler barely misses you. The demonic crawler hits you.
* * * LOW HITPOINT WARNING * * *
The demonic crawler hits you but does no damage.
You barely miss the demonic crawler.
The demonic crawler is lightly wounded.
You slice the demonic crawler!! The demonic crawler hits you!
* * * LOW HITPOINT WARNING * * *
The demonic crawler hits you!
You die...

######################
..').#.)'..#__#.sss..#
..#..+..#..'..'.@#{..#
####'#####'#__####...sss#
###..#...#(#### ####..+
__####..##.# { ##
_____##'#_.+ {
_.∩...'..._# {
_..__##_.#+# _____###+#
######


You could see 3 demonic crawlers.

Vanquished Creatures
  2 kobold demonologists (D)
  A slime creature (D)
  Sigmund (D)
  A yak (D)
  A floating eye (D)
  An ogre (D)
  A jelly (D)
  Ijyb (D)
9 creatures vanquished.

Vanquished Creatures (others)
  A gargoyle (D)
1 creature vanquished.

Grand Total: 10 creatures vanquished

Notes
Turn   | Place    | Note
-------+----------+-------------------------------------------
     0 | D        | kklluuttzz the Formicid Fighter began the quest for the
                  | Orb.
     0 | D        | Reached XP level 1. HP: 18/18 MP: 1/1
     1 | D        | Noticed Ijyb
    13 | D        | Killed Ijyb
    14 | D        | Reached skill level 6 in Axes
    14 | D        | Reached XP level 2. HP: 22/24 MP: 2/2
    14 | D        | Reached XP level 3. HP: 27/29 MP: 3/3
    18 | D        | Noticed an ogre
    21 | D        | Killed an ogre
    22 | D        | Reached skill level 9 in Axes
    22 | D        | Reached XP level 4. HP: 34/35 MP: 4/4
    22 | D        | Reached XP level 5. HP: 39/41 MP: 5/5
    47 | D        | Found a basalt altar of Yredelemnul.
    47 | D        | Found a hide-covered altar of Uskayaw.
    47 | D        | Found a hazy altar of Hepliaklqana.
    47 | D        | Found a shadowy altar of Dithmenos.
    47 | D        | Found an ancient bone altar of Kikubaaqudgha.
    47 | D        | Found a sacrificial altar of Ru.
    47 | D        | Found a snail-covered altar of Cheibriados.
    47 | D        | Found Wamaes's Distillery.
    47 | D        | Found an opulent altar of Gozag.
    47 | D        | Found a sparkling altar of Nemelex Xobeh.
    47 | D        | Found a glowing golden altar of the Shining One.
    47 | D        | Found an iron altar of Okawaru.
    47 | D        | Found a bloodstained altar of Trog.
    47 | D        | Found a blossoming altar of Fedhas.
    47 | D        | Found a stormy altar of Qazlal.
    47 | D        | Found a white marble altar of Elyvilon.
    47 | D        | Found a glowing silver altar of Zin.
    47 | D        | Noticed a yak
    58 | D        | HP: 1/41 [yak (5)]
    61 | D        | Killed a yak
    62 | D        | Reached skill level 12 in Axes
    62 | D        | Reached XP level 6. HP: 24/47 MP: 6/6
   179 | D        | Killed a gargoyle
   215 | D        | Bought 2 potions of heal wounds for 100 gold pieces
   218 | D        | Found a shimmering blue altar of Sif Muna.
   218 | D        | Found a radiant altar of Vehumet.
   218 | D        | Found an ornate altar of the Wu Jian Council.
   228 | D        | Became a worshipper of Sif Muna the Loreminder
   298 | D        | Noticed Sigmund
   304 | D        | Killed Sigmund
   305 | D        | Reached skill level 14 in Axes
   305 | D        | Reached XP level 7. HP: 48/52 MP: 7/7
   314 | D        | Found a burning altar of Makhleb.
   314 | D        | Found a viscous altar of Jiyva.
   314 | D        | Found a shimmering altar of Xom.
   314 | D        | Found a corrupted altar of Lugonu.
   314 | D        | Noticed a slime creature
   326 | D        | Killed a slime creature
   327 | D        | Reached skill level 15 in Axes
   591 | D        | Noticed a kobold demonologist
   591 | D        | Noticed a kobold demonologist
   597 | D        | Reached * piety under Sif Muna
   598 | D        | Reached skill level 16 in Axes
   598 | D        | Reached XP level 8. HP: 58/58 MP: 8/8
   603 | D        | Killed a kobold demonologist
   604 | D        | Reached skill level 5 in Invocations
   611 | D        | Noticed a demonic crawler
   611 | D        | Noticed a demonic crawler
   611 | D        | Noticed a demonic crawler
   611 | D        | Noticed a demonic crawler
   618 | D        | Noticed a red devil
   623 | D        | Killed a kobold demonologist
   630 | D        | Mangled by a demonic crawler

Illustrated notes

Levels and vault maps discovered:
D:        dungeon_sprint_1 [red_sonja_temple_1, red_sonja_temple_small_1]

Skill      XL: |  1  2  3  4  5  6  7  8 |
---------------+-------------------------+-----
Axes           | 6 9 12 14 16 | 16.0
Spellcasting   | 6 |  6.0
Invocations    | 7 |  7.2
Fighting       | |  3.2
Armour         | |  3.2
Shields        | |  3.6

Action                   |  1- 3 |  4- 6 |  7- 9 || total
-------------------------+-------+-------+-------++-------
Melee: War axe           |    14 |    17 |    34 ||    65
 Abil: Dig               |       |     2 |       ||     2
  Use: Potion            |       |     1 |     3 ||     4
Armor: Scale mail        |     4 |     4 |    18 ||    26
Dodge: Dodged            |     3 |     2 |    12 ||    17
Block: Buckler           |     7 |     2 |     5 ||    14

Table legend: (Time is in decaauts)
 A = Elapsed time spent in this place.
 B = Non-inter-level travel time spent in this place.
 C = Inter-level travel time spent in this place.
 D = Time resting spent in this place.
 E = Time spent auto-exploring this place.
 F = Levels seen in this place.
 G = Mean time per level.
                   A        B        C        D        E       F      G
               +--------+--------+--------+--------+--------+-----+--------+
         Total |    625 |    625 |      0 |    443 |      0 |   1 |  625.0 |
       Dungeon |    625 |    625 |      0 |    443 |      0 |   1 |  625.0 |
               +--------+--------+--------+--------+--------+-----+--------+

Top non-repeatable levels by time:
       D: 625 daAuts
